 Dungeon Crawl Stone Soup version 0.25-a0-258-g6d7e32a812 (webtiles) character file.

Game seed: 10485406504584074799, levelgen mode: deterministic

1482 hanuilee the Chiller (level 8, -6/46 HPs)
             Began as a Deep Elf Ice Elementalist on Dec 6, 2019.
             Hit by a stone thrown by an orc warrior (8 damage)
             ... on level 6 of the Dungeon.
             The game lasted 00:28:39 (6332 turns).

hanuilee the Chiller (Deep Elf Ice Elementalist)    Turns: 6332, Time: 00:28:40

Health: -6/46      AC:  7    Str:  7    XL:     8   Next: 50%
Magic:  18/18      EV: 10    Int: 21    God:
Gold:   318        SH:  0    Dex: 15    Spells: 9/18 levels left

rFire    + + .     SeeInvis .   k - +0 hand axe (flame)
rCold    . . .     Gourm    .   (no shield)
rNeg     . . .     Faith    .   d - +0 ring mail
rPois    +         Spirit   .   (no helmet)
rElec    .         Reflect  .   v - scarf {rC+ rF+}
rCorr    .         Harm     .   (no gloves)
MR       .....                  A - +0 pair of boots
Stlth    ++........             u - amulet of magic regeneration
HPRegen  0.15/turn              i - ring of poison resistance
MPRegen  0.41/turn              b - ring of fire

@: no status effects
A: no striking features
a: no special abilities


You were on level 6 of the Dungeon.
You were not hungry.

You visited 1 branch of the dungeon, and saw 6 of its levels.

You collected 318 gold pieces.

Inventory:

Hand Weapons
 k - a +0 hand axe of flaming (weapon)
Missiles
 m - 4 javelins (quivered)
 p - 8 boomerangs
Armour
 a - a +0 robe
 d - a +0 ring mail (worn)
 e - a +0 shield
 v - a scarf of resistance (worn)
 A - a +0 pair of boots (worn)
Jewellery
 b - a ring of fire (right hand)
 i - a ring of poison resistance (left hand)
 u - an amulet of magic regeneration (around neck)
 y - an uncursed amulet of harm {unknown}
Wands
 t - a wand of random effects (18)
Scrolls
 f - a scroll of fog {unknown}
 n - 2 scrolls of remove curse {unknown}
 q - a scroll of fear {unknown}
 B - a scroll of random uselessness {unknown}
 C - a scroll of amnesia {unknown}
Potions
 g - 4 potions of flight
 h - a potion of cancellation {unknown}
 j - a potion of brilliance {unknown}
 l - a potion of lignification {unknown}
 o - 2 potions of curing
 r - a potion of agility {unknown}
 w - 3 potions of heal wounds
 x - a potion of magic {unknown}
 z - a potion of berserk rage {unknown}
Comestibles
 c - 8 rations


   Skills:
 * Level 3.0 Fighting
 + Level 1.5 Axes
   Level 0.1(0.7) Maces & Flails
 + Level 1.7 Throwing
 * Level 3.8 Armour
 - Level 2.5 Dodging
 - Level 2.5 Stealth
 + Level 5.7 Spellcasting
 * Level 3.8 Conjurations
 - Level 2.1 Charms
 - Level 1.5 Necromancy
 + Level 7.2 Ice Magic


You had 9 spell levels left.
You knew the following spells:

 Your Spells              Type           Power        Failure   Level  Hunger
a - Freeze                Ice            ####         1%          1    None
b - Animate Skeleton      Necr           N/A          17%         1    None
c - Regeneration          Chrm/Necr      ##........   41%         3    ##.....
d - Hailstorm             Conj/Ice       ####....     32%         4    ####...

Your spell library contained the following spells:

 Spells                   Type           Power        Failure   Level  Hunger
 Ozocubu's Armour         Chrm/Ice       ####....     14%         3    ##.....
 Pain                     Necr           ##..         17%         1    None
 Vampiric Draining        Necr           ##........   45%         3    ##.....
 Summon Ice Beast         Ice/Summ       ###.....     58%         4    ####...
 Animate Dead             Necr           N/A          86%         4    ####...


Dungeon Overview and Level Annotations

Branches:
Dungeon (6/15)
 Temple: D:4-7

Altars:
Trog
Wu Jian
Zin

Annotations:
D:2 exclusion: downstairs
D:3 Grinder
D:4 exclusion: downstairs
D:5 exclusion: 2 downstairs
D:6 1 runed translucent door, grouchysmurf's ghost, novice HOFi


Message History

Press: ? - help, Shift-Dir - straight line, f/p - bullfrog
Aim: a bullfrog (moderately wounded)
You freeze the bullfrog.
The bullfrog is moderately wounded.
The bullfrog barely misses you.
Casting: Freeze (safe; 1% risk of failure)
Confirm with . or Enter, or press ? or * to list all spells.
Aiming: Freeze (safe; 1% risk of failure)
Press: ? - help, Shift-Dir - straight line, f/p - bullfrog
Aim: a bullfrog (moderately wounded)
You freeze the bullfrog!
The bullfrog is severely wounded.
The bullfrog hits you but does no damage.
The bullfrog closely misses you.
The bullfrog hits you but does no damage.
The orc warrior throws a stone.
The stone hits you!
* * * LOW HITPOINT WARNING * * *
You see here a stone.
The orc warrior throws a stone.
The stone hits you!
You die...

#>###..###.## #.#.#.# #.
.#.##..###.# #.....# #.
###........######.### #.
.#................# ##.
..##############(Z# #..
................>.# ######..
....########.###.Y# ##.......
....# ####[####F# ##..#+#...
....#####.....(<@.######..##.##..
........#.##.##.....##...##...##.
#..##)#.#.##.##.........##.....##
#..##.#.#.##.##..(..###.#W.!♣%.⌠#
...........#.##.....# #.##.....##
......#.#..#.##.....# #..##...##.
.#.#..#.#..#.###.o######..##⌠##..
...............#...........###...
.###.##.##.###.#.#######.........


You could see an orc warrior, an ice beast, a bullfrog and a friendly howler
monkey skeleton.

Vanquished Creatures
  Sigmund (D:3)
  An orc warrior (D:5)
  2 eyes of draining (D:6)
  A centaur (D:6)
  A bullfrog (D:6)
  2 howler monkeys
  A crimson imp (D:6)
  3 hounds (D:5)
  A jelly (D:6)
  7 orc priests
  An iguana (D:6)
  3 orc wizards
  5 worker ants
  A hound zombie (D:5)
  5 gnolls
  A howler monkey skeleton (D:6)
  5 adders
  A shadow imp (D:5)
  2 oozes
  2 adder skeletons
  4 worms
  A dart slug (D:2)
  6 leopard geckos
  18 orcs
  3 ball pythons
  3 bats
  7 giant cockroaches
  4 goblins
  2 hobgoblins
  2 jackals (D:4)
  5 quokkas
  2 frilled lizards
  A jackal skeleton (D:2)
  2 kobolds
  6 rats
112 creatures vanquished.

Vanquished Creatures (collateral kills)
  A hound zombie (D:6)
1 creature vanquished.

Grand Total: 113 creatures vanquished

Notes
Turn   | Place    | Note
-------+----------+-------------------------------------------
     0 | D:1      | hanuilee the Deep Elf Ice Elementalist began the quest for
                  | the Orb.
     0 | D:1      | Reached XP level 1. HP: 10/10 MP: 6/6
   184 | D:1      | Reached XP level 2. HP: 15/15 MP: 5/8
   680 | D:2      | Reached skill level 5 in Ice Magic
   776 | D:2      | Reached XP level 3. HP: 19/19 MP: 6/9
   912 | D:2      | Found an ornate altar of the Wu Jian Council.
  1119 | D:3      | Noticed Grinder
  1527 | D:3      | Learned a level 1 spell: Animate Skeleton
  1531 | D:3      | Learned a level 3 spell: Regeneration
  1674 | D:3      | Reached XP level 4. HP: 24/24 MP: 9/11
  1691 | D:3      | Learned a level 4 spell: Hailstorm
  1880 | D:3      | Noticed Sigmund
  1894 | D:3      | Killed Sigmund
  1894 | D:3      | Reached skill level 1 in Fighting
  1894 | D:3      | Reached skill level 1 in Armour
  1894 | D:3      | Reached skill level 1 in Conjurations
  1894 | D:3      | Reached skill level 1 in Charms
  1894 | D:3      | Reached skill level 1 in Necromancy
  1894 | D:3      | Reached XP level 5. HP: 5/29 MP: 9/14
  2348 | D:3      | Reached XP level 6. HP: 20/34 MP: 12/15
  2720 | D:4      | Reached skill level 5 in Spellcasting
  3662 | D:5      | Entered Level 5 of the Dungeon
  3766 | D:5      | Found a glowing silver altar of Zin.
  3780 | D:5      | Reached XP level 7. HP: 21/38 MP: 13/17
  3826 | D:5      | Reached skill level 6 in Ice Magic
  4979 | D:5      | Reached skill level 1 in Throwing
  5207 | D:6      | Reached skill level 1 in Axes
  5207 | D:6      | Reached XP level 8. HP: 26/45 MP: 5/18
  5726 | D:6      | Noticed grouchysmurf's ghost (novice HOFi)
  5727 | D:6      | Found a runed translucent door.
  5748 | D:6      | Reached skill level 7 in Ice Magic
  5956 | D:6      | Found a bloodstained altar of Trog.
  6331 | D:6      | HP: 2/46 [orc warrior/stone (15)]
  6332 | D:6      | Hit by a stone thrown by an orc warrior

Levels and vault maps discovered:
D:1:      minmay_arrival_semitransparent, layout_rooms
D:2:      layout_rooms, nicolae_overflow_hidden_temple, minmay_worlds_worst_comb
D:3:      layout_rooms, uniq_sigmund, uniq_grinder
D:4:      layout_rooms, first_ration
D:5:      layout_basic, basic_altar, lightli_ossuary_entry_decrepit_ruins,
          serial_corexii_hall, chequers_hall_statues_corner_a,
          corexii_hall_statues_i
D:6:      layout_loops_ring, hellmonk_ghost_happy_afterlife,
          trog_eyes_of_draining

Skill      XL: |  1  2  3  4  5  6  7  8 |
---------------+-------------------------+-----
Ice Magic      | 5 6 7 |  7.2
Fighting       | 1 2 3 |  3.0
Armour         | 1 2 3 |  3.8
Spellcasting   | 4 5 |  5.7
Conjurations   | 1 2 3 |  3.8
Charms         | 1 2 |  2.1
Necromancy     | 1 |  1.5
Throwing       | 1 |  1.7
Axes           | 1 |  1.5
Maces & Flails | |  0.1
Dodging        | |  2.5
Stealth        | |  2.5

Action                   |  1- 3 |  4- 6 |  7- 9 || total
-------------------------+-------+-------+-------++-------
Melee: Club              |     3 |     2 |       ||     5
       Hand axe          |       |     3 |    66 ||    69
Throw: Javelin           |     1 |     6 |    27 ||    34
       Dart              |       |     7 |     6 ||    13
       Boomerang         |       |       |     1 ||     1
 Cast: Freeze            |    49 |    97 |    96 ||   242
       Animate Skeleton  |       |     1 |     1 ||     2
       Hailstorm         |       |       |     4 ||     4
  Use: Scroll            |       |       |     4 ||     4
  Eat: Chunk             |     2 |     6 |     6 ||    14
       Ration            |       |       |     1 ||     1
Armor: Ring mail         |    11 |    19 |    52 ||    82
       Robe              |     2 |       |       ||     2
Dodge: Dodged            |    19 |    35 |    76 ||   130

Table legend:
 A = Non-vault XP
 B = Vault XP
 C = Vault XP percentage of total XP
 D = Non-vault monster count
 E = Vault monster count
 F = Vault count percentage of total count
                 A         B        C        D         E       F
            +---------+---------+-------+---------+---------+-------
      Total |    1621 |     497 |  23.5 |     104 |       9 |   8.0
            +---------+---------+-------+---------+---------+-------
        D:1 |      19 |       0 |   0.0 |      11 |       0 |   0.0
        D:2 |      57 |       8 |  12.3 |      14 |       4 |  22.2
        D:3 |     100 |     220 |  68.8 |      22 |       1 |   4.3
        D:4 |     224 |       0 |   0.0 |      14 |       0 |   0.0
        D:5 |     607 |       0 |   0.0 |      26 |       0 |   0.0
        D:6 |     614 |     269 |  30.5 |      17 |       4 |  19.0
            +---------+---------+-------+---------+---------+-------
